 Dungeon Crawl Stone Soup version 0.26-a0-672-g1df16c3386 (webtiles) character file.

Game seed: 830094821017944337

1512 marklar909 the Stinger (level 9, 0/60 HPs)
             Began as a Formicid Venom Mage on Oct 19, 2020.
             Was an Initiate of Gozag.
             Slain by a wyvern zombie (12 damage)
             ... on level 6 of the Dungeon.
             The game lasted 00:16:25 (8919 turns).

marklar909 the Stinger (Formicid Venom Mage)        Turns: 8919, Time: 00:16:26

Health: 0/60       AC: 11    Str: 21    XL:     9   Next: 9%
Magic:  17/17      EV: 11    Int: 16    God:    Gozag
Gold:   752        SH:  0    Dex: 11    Spells: 6/19 levels left

rFire    . . .     SeeInvis +   a - +0 whip (vamp)
rCold    . . .     Faith    .   (no shield)
rNeg     . . .     Spirit   .   v - +3 ring mail
rPois    .         Reflect  .   (helmet unavailable)
rElec    .         Harm     .   (no cloak)
rCorr    +         Rampage  .   i - +2 pair of gloves
MR       .....                  (no boots)
Stlth    +.........             (no amulet)
HPRegen  0.20/turn              n - +6 ring of strength
MPRegen  0.15/turn              s - ring of resist corrosion

@: no status effects
A: permanent stasis, dig shafts and tunnels, four strong arms, antennae 3
a: Dig, Shaft Self, Potion Petition, Call Merchant, Bribe Branch, Renounce
Religion


You were on level 6 of the Dungeon.
You worshipped Gozag.
Gozag was pleased with you.
You visited 1 branch of the dungeon, and saw 6 of its levels.

You collected 777 gold pieces.
You paid 25 gold pieces to Gozag.

Inventory:

Hand Weapons
 a - a +0 vampiric whip (weapon)
Armour
 i - a +2 pair of gloves (worn)
 v - a +3 ring mail (worn)
Jewellery
 f - an uncursed amulet of regeneration {unknown}
 h - a cursed amulet of inaccuracy {unknown}
 n - a +6 ring of strength (left hand)
 s - a ring of resist corrosion (right hand)
Wands
 m - a wand of enslavement (7)
 o - a wand of random effects (25)
Scrolls
 c - 5 scrolls of remove curse
 j - a scroll of immolation {unknown}
 k - a scroll of enchant weapon {unknown}
 l - 2 scrolls of blinking {unknown}
 q - a scroll of amnesia
 u - a scroll of random uselessness {unknown}
Potions
 b - 5 potions of flight
 d - a potion of invisibility {unknown}
 e - 2 potions of heal wounds {unknown}
 g - 2 potions of stabbing {unknown}
 p - a potion of curing
 r - 2 potions of ambrosia {unknown}
 t - a potion of haste {unknown}


   Skills:
 + Level 1.6 Fighting
 + Level 3.6 Maces & Flails
 + Level 2.8 Armour
 + Level 2.4 Dodging
 + Level 3.2 Stealth
 + Level 5.7 Spellcasting
 + Level 0.5 Conjurations
 + Level 2.9 Transmutations
 + Level 0.5 Fire Magic
 + Level 3.2 Air Magic
 + Level 7.6 Poison Magic


You had 6 spell levels left.
You knew the following spells:

 Your Spells              Type           Power        Failure   Level
a - Sting                 Tmut/Pois      ###.         2%          1
b - Poisonous Vapours     Pois/Air       ###...       3%          2
c - Ignite Poison         Fire/Tmut/Pois ###.....     16%         3
d - Mephitic Cloud        Conj/Pois/Air  ###.....     14%         3
e - Olgreb's Toxic Radia  Pois           ####....     10%         4

Your spell library contained the following spells:

 Spells                   Type           Power        Failure   Level
 Animate Skeleton         Necr           #.....       22%         1
 Pain                     Necr           #...         22%         1
 Vampiric Draining        Necr           #.........   56%         3
 Animate Dead             Necr           #.........   92%         4
 Agony                    Necr           #.......     99%         5


Dungeon Overview and Level Annotations

Branches:
Dungeon (6/15)             Temple (0/1) D:5

Altars:
Elyvilon
Gozag
Hepliaklqana
Okawaru
Qazlal
Ru
Sif Muna
Xom
Zin

Annotations:
D:3 Grinder


Innate Abilities, Weirdness & Mutations

You cannot be hasted, slowed, berserked, paralysed or teleported.
You can dig through walls and to a lower floor.
Your four strong arms can wield two-handed weapons with a shield.
You have a pair of large antennae on your head. (SInv)


Message History

Unknown command.
You hit the wyvern zombie but do no damage.
The wyvern zombie is severely damaged.
The wyvern zombie barely misses you.
Unknown command.
Casting: Mephitic Cloud (dangerous; 14% risk of failure)
Confirm with . or Enter, or press ? or * to list all spells.
Aiming: Mephitic Cloud (dangerous; 14% risk of failure)
Press: ? - help, Shift-Dir - straight line, f - you
Okay, then.
The wyvern zombie closely misses you.
Okay, then.
Evoke which item? (* to show all) (? for menu, Esc to quit)
Aiming: Random Effects
Press: ? - help, Shift-Dir - straight line, f - wyvern zombie
Aim: a wyvern zombie (severely damaged)
The wyvern zombie resists with significant effort.
The wyvern zombie bites you!
You die...
Your body crumbles into a pile of gold.

.........####........#
..........#..........#
................>....#
#####.......<.....####
...###.......#'####
...# #.......#.# ...#
#.......#.# ...#
#.......#.##### ...#
##......#..@Z.# ...#
#..#.#.#####.# ####
##.#.#.. #.# #.# #..
... ###. . ..


You could see a wyvern zombie.

Vanquished Creatures
  Menkaure (D:4)
  A water moccasin (D:6)
  An orc warrior (D:2)
  2 sky beasts (D:5)
  A phantom (D:4)
  A necrophage (D:5)
  An ogre (D:5)
  A centaur (D:5)
  Blork the orc (D:4)
  A howler monkey (D:3)
  A hound (D:5)
  A jelly (D:5)
  A bullfrog skeleton (D:4)
  A centaur skeleton (D:6)
  2 iguanas (D:5)
  3 orc wizards
  2 hound skeletons (D:6)
  A hound zombie (D:6)
  A howler monkey skeleton (D:4)
  15 adders
  An ufetubus (D:6)
  2 oozes
  An adder zombie (D:5)
  3 worms (D:3)
  2 dart slugs
  8 leopard geckos
  7 orcs
  10 bats
  5 giant cockroaches
  11 goblins
  11 hobgoblins
  A quokka (D:3)
  5 frilled lizards
  15 kobolds
  10 rats
  A butterfly (D:2)
132 creatures vanquished.

Notes
Turn   | Place    | Note
-------+----------+-------------------------------------------
     0 | D:1      | marklar909 the Formicid Venom Mage began the quest for the
                  | Orb.
     0 | D:1      | Reached XP level 1. HP: 13/13 MP: 3/3
   512 | D:1      | Reached XP level 2. HP: 19/19 MP: 1/5
   968 | D:1      | Reached XP level 3. HP: 24/24 MP: 4/6
   972 | D:1      | Learned a level 2 spell: Poisonous Vapours
  2129 | D:2      | Reached XP level 4. HP: 30/30 MP: 5/8
  2256 | D:2      | Found a sacrificial altar of Ru.
  2340 | D:2      | Reached skill level 5 in Poison Magic
  2408 | D:2      | Reached skill level 1 in Maces & Flails
  2912 | D:2      | Found a shimmering altar of Xom.
  3040 | D:2      | Reached XP level 5. HP: 31/35 MP: 4/9
  3217 | D:2      | Learned a level 3 spell: Ignite Poison
  3280 | D:2      | Found a sacrificial altar of Ru.
  3288 | D:2      | Found a hazy altar of Hepliaklqana.
  3290 | D:2      | Found an opulent altar of Gozag.
  3292 | D:2      | Found a shimmering blue altar of Sif Muna.
  3294 | D:2      | Found a glowing silver altar of Zin.
  3306 | D:2      | Became a worshipper of Gozag Ym Sagoz the Greedy
  3350 | D:2      | You fall into a shaft and drop 1 floor!
  3354 | D:3      | Reached skill level 1 in Air Magic
  4215 | D:3      | Learned a level 3 spell: Mephitic Cloud
  4285 | D:3      | Found a stormy altar of Qazlal.
  4320 | D:3      | Reached XP level 6. HP: 41/41 MP: 6/11
  4481 | D:3      | Found an iron altar of Okawaru.
  4700 | D:3      | Found a faded altar of an unknown god.
  4912 | D:4      | Noticed Grinder
  4912 | D:4      | Noticed Blork the orc
  4925 | D:3      | Found a stormy altar of Qazlal.
  4958 | D:4      | Noticed an orc warrior
  5259 | D:2      | Killed an orc warrior
  5259 | D:2      | Reached skill level 1 in Armour
  5647 | D:4      | Killed Blork the orc
  5647 | D:4      | Reached XP level 7. HP: 30/46 MP: 0/12
  6003 | D:5      | Entered Level 5 of the Dungeon
  6072 | D:5      | Reached skill level 6 in Poison Magic
  6128 | D:5      | Found a staircase to the Ecumenical Temple.
  6548 | D:5      | Reached XP level 8. HP: 44/53 MP: 4/14
  6961 | D:5      | Reached skill level 5 in Spellcasting
  7304 | D:5      | Reached skill level 1 in Fighting
  7304 | D:5      | Reached skill level 7 in Poison Magic
  7591 | D:5      | Learned a level 4 spell: Olgreb's Toxic Radiance
  7836 | D:6      | Found a white marble altar of Elyvilon.
  8218 | D:4      | Noticed Menkaure
  8551 | D:4      | Reached XP level 9. HP: 59/59 MP: 17/17
  8656 | D:4      | Killed Menkaure
  8919 | D:6      | Slain by a wyvern zombie

Illustrated notes

Levels and vault maps discovered:
D:1:      denvon_arrival_planthouse, layout_loops_corners
D:2:      layout_loops_cross, xom_butterflies, minitemple, minmay_hexomino_r4
D:3:      lemuel_upstairs_altar, layout_basic, okawaru_trees_2,
          lemuel_crystal_altar, chequers_ecumenical_altar_lobes
D:4:      layout_cave_pools, uniq_grinder, uniq_menkaure, uniq_blork_the_orc
D:5:      layout_basic, minmay_temple_entry_large_hall, minmay_joined_circles
D:6:      layout_basic, nicolae_overflow_crystal_walls, evilmike_ruin_ashenzari

Skill      XL: |  1  2  3  4  5  6  7  8 |
---------------+-------------------------+-----
Spellcasting   | 3 4 5 |  5.7
Poison Magic   | 5 6 7 |  7.6
Maces & Flails | 1 2 3 |  3.6
Air Magic      | 1 2 3 |  3.2
Transmutations | 2 |  2.9
Dodging        | 2 |  2.4
Armour         | 1 2 |  2.8
Fighting       | 1 |  1.6
Stealth        | 3 |  3.2
Conjurations   | |  0.5
Fire Magic     | |  0.5

Action                   |  1- 3 |  4- 6 |  7- 9 || total
-------------------------+-------+-------+-------++-------
Melee: Unarmed           |     9 |       |       ||     9
       Whip              |     6 |    80 |   136 ||   222
 Cast: Sting             |    36 |    36 |    34 ||   106
       Poisonous Vapours |    18 |    69 |    44 ||   131
       Mephitic Cloud    |       |     1 |     5 ||     6
       Ignite Poison     |       |       |     5 ||     5
 Abil: Dig               |       |     1 |     1 ||     2
Evoke: Wand              |       |       |     1 ||     1
  Use: Scroll            |       |    11 |       ||    11
 Stab: Sleeping          |     1 |       |     1 ||     2
Armor: Robe              |     3 |       |       ||     3
       Leather armour    |     3 |    22 |    46 ||    71
       Ring mail         |       |       |     5 ||     5
Dodge: Dodged            |    18 |    82 |   100 ||   200

Table legend: (Time is in decaauts)
 A = Elapsed time spent in this place.
 B = Non-inter-level travel time spent in this place.
 C = Inter-level travel time spent in this place.
 D = Time resting spent in this place.
 E = Time spent auto-exploring this place.
 F = Levels seen in this place.
 G = Mean time per level.
                   A        B        C        D        E       F      G
               +--------+--------+--------+--------+--------+-----+--------+
         Total |   8924 |   8398 |    526 |   1283 |   5733 |   6 | 1487.3 |
       Dungeon |   8924 |   8398 |    526 |   1283 |   5733 |   6 | 1487.3 |
               +--------+--------+--------+--------+--------+-----+--------+

Top non-repeatable levels by time:
     D:1: 2067 daAuts
     D:3: 2039 daAuts
     D:5: 1684 daAuts
     D:2: 1672 daAuts
     D:4: 1070 daAuts
     D:6: 389 daAuts
